 Dungeon Crawl Stone Soup version 0.29.0-4-gdea44cf6ec (webtiles) character file.

Game seed: 10232063510611326148

428 qw the Chopper (level 6, -1/35 HPs)
             Began as a Tengu Warper on Aug 28, 2022.
             Slain by an iguana (10 damage)
             ... on level 4 of the Dungeon.
             The game lasted 00:00:25 (4161 turns).

qw the Chopper (Tengu Warper)                       Turns: 4161, Time: 00:00:25

Health: -1/35      AC: 10    Str: 13    XL:     6   Next: 98%
Magic:  10/10      EV:  5    Int: 13    God:
Gold:   127        SH:  9    Dex: 14    Spells: 9/9 levels left

rFire   . . .      SeeInvis .   Y - +0 war axe
rCold   . . .      Faith    .   j - +0 kite shield
rNeg    + . .      Spirit   .   f - +0 chain mail
rPois   .          Reflect  .   (helmet restricted)
rElec   .          Harm     .   (no cloak)
rCorr   .          Rampage  .   i - +1 pair of gloves
Will    .....                   (boots unavailable)
Stlth   ..........              (no amulet)
HPRegen 0.11/turn               h - ring of positive energy
MPRegen 0.12/turn               (no ring)

@: flying quickly and evasively, quick
A: beak, talons 3, nimble flight
a: no special abilities


You were on level 4 of the Dungeon.
You visited 1 branch of the dungeon, and saw 4 of its levels.

You collected 127 gold pieces.


Innate Abilities, Weirdness & Mutations

You have a beak for a mouth.
You have claws for feet.
Your magical nature lets you fly swiftly and evasively.


   Skills:
 - Level 2.0 Fighting
 - Level 6.5 Axes
 - Level 1.0 Throwing
 - Level 2.1 Armour
 - Level 2.1 Dodging
 + Level 3.4 Shields
 - Level 2.0 Spellcasting
 - Level 2.4 Translocations


You had 9 spell levels left.
You didn't know any spells.
Your spell library contained the following spells:

 Spells                   Type           Power      Damage    Failure   Level
 Blink                    Tloc           14%        N/A       100%        2
 Gell's Gravitas          Tloc           7%         N/A       100%        3
 Lesser Beckoning         Tloc           7%         N/A       100%        3
 Teleport Other           Tloc           7%         N/A       100%        3
 Manifold Assault         Tloc           7%         N/A       100%        5

Inventory:

Hand Weapons
 c - a +0 flail
 Y - a +0 war axe (weapon)
Armour
 f - a +0 chain mail (worn)
 i - a +1 pair of gloves (worn)
 j - a +0 kite shield (worn)
Jewellery
 h - a ring of positive energy (left hand)
Scrolls
 b - a scroll of identify
 d - a scroll of amnesia {unknown}
Potions
 a - a potion of mutation {unknown}
 g - a potion of heal wounds
 k - a potion of cancellation {unknown}
 l - a potion of resistance {unknown}
 q - 2 potions of ambrosia {unknown}

Dungeon Overview and Level Annotations

Branches:
Dungeon (4/15)
 Temple: D:4-7

Altars:
Makhleb

Shops:
D:4 [

Annotations:
D:3 3 runed translucent doors, qw's ghost, amateur TeWr
D:4 Dowan; Duvessa


Message History

Duvessa is heavily wounded.
You miss Dowan.
The iguana hisses menacingly.
Duvessa hits you with a +0 short sword.
Dowan points at you and mumbles some strange words.
You resist with some effort. Duvessa hits you with a +0 short sword.
You block Dowan's attack.
You barely miss Duvessa. You claw Duvessa!
Duvessa is severely wounded.
You hit Dowan. You block Dowan's attack. Duvessa hits you but does no damage.
You barely miss Duvessa.
Duvessa is severely wounded.
You hit Dowan. Duvessa closely misses you.
Dowan casts a spell.
Dowan blinks!
You hit Duvessa.
Duvessa is almost dead.
Duvessa hits you with a +0 short sword. Duvessa barely misses you.
You block the iguana's attack.
You hit Duvessa but do no damage.
Duvessa is almost dead.
You hit the iguana but do no damage. You block the iguana's attack.
Duvessa barely misses you.
You barely miss Duvessa. You claw Duvessa, but do no damage.
Duvessa is almost dead.
You hit the iguana. You block the iguana's attack.
Duvessa hits you with a +0 short sword.
You hit Duvessa but do no damage.
Duvessa is almost dead.
You hit the iguana.
The iguana bites you but does no damage.
Duvessa hits you with a +0 short sword. Duvessa barely misses you.
The iguana barely misses you.
You barely miss Duvessa. Your kick misses Duvessa.
Duvessa is almost dead.
You barely miss the iguana. Duvessa completely misses you.
The iguana bites you!
You die...

...............................
.........##.......)......../#..
#.#......########.).........###
##.#.....(# ####.......[.#
..........# #.......######
#.#......#######.###.#.########
#....................#........#
#......#########.###.###......#
##......<.....@e.# #.# #......#
##############l###########.###
#..........e..........#.#..
#..##...#....####.....#.#.. #.#
#...#....# ###...#.#..
#.###..##....#######..#.#..
#......###........##..#....
#..e..## #...#....###.#.#..
#...### #...#....# #.#.###


You could see Duvessa, Dowan and an iguana.

Vanquished Creatures
  A phantom (D:2)
  A necrophage (D:4)
  A scorpion (D:3)
  3 iron imps (D:4)
  3 gnolls (D:3)
  3 adders
  2 worms (D:3)
  3 dart slugs
  5 orcs (D:3)
  7 ball pythons
  8 bats
  6 endoplasms
  A giant cockroach (D:4)
  9 goblins
  9 hobgoblins
  6 jackals (D:2)
  2 kobolds (D:3)
  2 quokkas (D:4)
  2 frilled lizards
  2 rats (D:1)
76 creatures vanquished.

Vanquished Creatures (others)
  5 withered plants (D:3)
5 creatures vanquished.

Grand Total: 81 creatures vanquished

Notes
Turn   | Place    | Note
-------+----------+-------------------------------------------
     0 | D:1      | qw the Tengu Warper began the quest for the Orb.
     0 | D:1      | Reached XP level 1. HP: 12/12 MP: 4/4
     0 | D:1      | 0 ||| qw: Version: 0.1-a-89-g26bdef1
     0 | D:1      | 0 ||| qw: Game counter: 130
     0 | D:1      | 0 ||| qw: Always use a shield: true
     0 | D:1      | 0 ||| qw: God list: Okawaru
     0 | D:1      | 0 ||| qw: Allow faded altars: false
     0 | D:1      | 0 ||| qw: Do Orc after D:15 true
     0 | D:1      | 0 ||| qw: Do second Lair branch before Depths: true
     0 | D:1      | 0 ||| qw: Lair rune preference: random
     0 | D:1      | 0 ||| qw: Plans: Normal
     0 | D:1      | 0 ||| PLANNING D:1-11
    33 | D:1      | HP: 3/12 [constriction (1)]
    34 | D:1      | Reached XP level 2. HP: 4/17 MP: 6/6
    35 | D:1      | Reached skill level 3 in Axes
   331 | D:1      | Found a faded altar of an unknown god.
   735 | D:1      | Reached XP level 3. HP: 15/21 MP: 7/7
   890 | D:1      | 890 ||| UPGRADING to +0 pair of gloves.
   895 | D:1      | 895 ||| UPGRADING to +0 ring mail.
   905 | D:1      | 905 ||| DROPPING +0 leather armour.
   906 | D:1      | 906 ||| READING scroll labelled FEMAIT AWEJO.
   907 | D:1      | 907 ||| READING scroll labelled PIWEGE OROYGE.
  1008 | D:1      | 1008 ||| READING scroll labelled QIACIY UREYC.
  1011 | D:1      | 1011 ||| DRINKING 2 pink potions.
  1012 | D:1      | 1012 ||| DROPPING scroll of blinking.
  1230 | D:2      | Reached skill level 4 in Axes
  1447 | D:2      | 1447 ||| Stepping ~*~*~tactically~*~*~ (hiding).
  1637 | D:2      | Noticed a phantom
  1658 | D:2      | Killed a phantom
  1659 | D:2      | Reached skill level 5 in Axes
  1659 | D:2      | Reached XP level 4. HP: 8/26 MP: 8/8
  1659 | D:2      | Gained mutation: Your magical nature lets you fly swiftly
                  | and evasively. [Tengu growth]
  1659 | D:2      | Reached XP level 5. HP: 10/30 MP: 9/9
  2066 | D:2      | 2066 ||| UPGRADING to +0 chain mail.
  2076 | D:2      | 2076 ||| DROPPING +0 ring mail.
  2077 | D:2      | 2077 ||| UPGRADING to ring of positive energy.
  2078 | D:2      | 2078 ||| READING scroll labelled ILUISEB NECHO.
  2197 | D:2      | 2197 ||| READING scroll labelled CUCEUXTAGY.
  2198 | D:2      | 2198 ||| READING scroll labelled HAIRRI ZEIROA.
  2199 | D:2      | 2199 ||| READING scroll labelled MAFIOR TURAI.
  2200 | D:2      | 2200 ||| READING scroll labelled EVUNLEP QOLU.
  2201 | D:2      | 2201 ||| READING scroll labelled AWAURR SOGUI.
  2202 | D:2      | 2202 ||| READING 2 scrolls of identify.
  2202 | D:2      | 2202 ||| IDENTIFYING puce potion
  2203 | D:2      | 2203 ||| DROPPING potion of brilliance.
  2272 | D:3      | 2272 ||| Stepping ~*~*~tactically~*~*~ (stealth).
  2274 | D:3      | 2274 ||| DROPPING +0 club.
  2299 | D:3      | 2299 ||| FLEEEEING.
  2300 | D:3      | 2300 ||| FLEEEEING.
  2304 | D:3      | 2304 ||| FLEEEEING.
  2309 | D:3      | 2309 ||| FLEEEEING.
  2310 | D:3      | 2310 ||| FLEEEEING.
  2311 | D:3      | 2311 ||| FLEEEEING.
  2312 | D:3      | 2312 ||| FLEEEEING.
  2313 | D:3      | 2313 ||| FLEEEEING.
  2496 | D:3      | 2496 ||| READING scroll of enchant armour.
  2496 | D:3      | 2496 ||| ENCHANTING +0 pair of gloves.
  2510 | D:3      | Found a runed translucent gate.
  2512 | D:3      | Found a runed translucent gate.
  2513 | D:3      | Found a runed translucent gate.
  2516 | D:3      | Noticed qw's ghost (amateur TeWr)
  2516 | D:3      | Noticed qw's ghost (amateur TeWr)
  2522 | D:3      | 2522 ||| SWAPPING to +0 war axe.
  2529 | D:3      | 2529 ||| DROPPING +1 hand axe.
  2557 | D:3      | 2557 ||| FLEEEEING.
  2966 | D:3      | Reached skill level 6 in Axes
  2966 | D:3      | Reached XP level 6. HP: 32/35 MP: 10/10
  3019 | D:3      | 3019 ||| Stepping ~*~*~tactically~*~*~ (stealth).
  3025 | D:3      | 3025 ||| Stepping ~*~*~tactically~*~*~ (stealth).
  3058 | D:3      | 3058 ||| Stepping ~*~*~tactically~*~*~ (stealth).
  3389 | D:3      | 3389 ||| DROPPING +3 scale mail.
  3390 | D:3      | 3390 ||| UPGRADING to +0 kite shield.
  3395 | D:3      | 3395 ||| READING 3 scrolls labelled XEYWNI MOIXKI.
  3396 | D:3      | 3396 ||| DROPPING 2 scrolls of magic mapping.
  3448 | D:4      | Reached skill level 1 in Shields
  3457 | D:4      | 3457 ||| Stepping ~*~*~tactically~*~*~ (stealth).
  3591 | D:4      | Found Liunyew's Armour Shoppe.
  3600 | D:4      | 3600 ||| SHOPLISTING +2 chain mail of positive energy (259
                  | gold, have 112).
  3642 | D:4      | Found a burning altar of Makhleb.
  3665 | D:4      | Reached skill level 3 in Shields
  4056 | D:4      | 4056 ||| Stepping ~*~*~tactically~*~*~ (stealth).
  4057 | D:4      | 4057 ||| Stepping ~*~*~tactically~*~*~ (stealth).
  4131 | D:4      | Noticed Duvessa
  4131 | D:4      | Noticed Dowan
  4132 | D:4      | 4132 ||| FLEEEEING.
  4136 | D:4      | 4136 ||| FLEEEEING.
  4137 | D:4      | 4137 ||| FLEEEEING.
  4138 | D:4      | 4138 ||| FLEEEEING.
  4139 | D:4      | 4139 ||| FLEEEEING.
  4161 | D:4      | Slain by an iguana

Levels and vault maps discovered:
D:1:      dpeg_arrival_fog, layout_rooms, chequers_ecumenical_altar_island
D:2:      layout_loops_ring
D:3:      layout_loops_ring, gammafunk_ghost_cemetery
D:4:      minmay_recursive_quarters, layout_basic, demons_altar,
          lemuel_mausoleum_altar_kikubaaqudgha, serial_shops, kennysheep_mini,
          nicolae_shop_hallway_stairs, nicolae_inconvenience_store, uniq_duvessa

Skill      XL: |  1  2  3  4  5  6 |
---------------+-------------------+-----
Axes           | 3 5 6 |  6.5
Armour         | 2 |  2.1
Shields        | 3 |  3.4
Fighting       | |  2.0
Throwing       | |  1.0
Dodging        | |  2.1
Spellcasting   | |  2.0
Translocations | |  2.4

Action                   |  1- 3 |  4- 6 || total
-------------------------+-------+-------++-------
Melee: Hand axe          |    96 |    18 ||   114
       Kick              |    22 |    42 ||    64
       Peck              |    13 |    24 ||    37
       Punch             |     1 |     1 ||     2
       War axe           |       |   115 ||   115
Throw: Boomerang         |     7 |       ||     7
  Use: Scroll            |     3 |     9 ||    12
       Potion            |     1 |       ||     1
Armor: Leather armour    |     8 |       ||     8
       Ring mail         |    23 |       ||    23
       Chain mail        |       |    49 ||    49
Dodge: Dodged            |    59 |    35 ||    94
Block: Kite shield       |       |    28 ||    28

Table legend:
 A = Non-vault XP
 B = Vault XP
 C = Vault XP percentage of total XP
 D = Non-vault monster count
 E = Vault monster count
 F = Vault count percentage of total count
                 A         B        C        D         E       F
            +---------+---------+-------+---------+---------+-------
      Total |     465 |     147 |  24.0 |      65 |      11 |  14.5
            +---------+---------+-------+---------+---------+-------
        D:1 |      36 |       0 |   0.0 |      19 |       0 |   0.0
        D:2 |     142 |       0 |   0.0 |      14 |       0 |   0.0
        D:3 |     164 |       0 |   0.0 |      21 |       0 |   0.0
        D:4 |     123 |     147 |  54.4 |      11 |      11 |  50.0
            +---------+---------+-------+---------+---------+-------
